AoeStats
← kidori

Arabia

504692790Analyzed
1v1 RM · 26d ago on Sep 6, 2026· 42m 19s· 2 players
Game mode
Random Map
Map size
Tiny (2 player)
Population
200
Speed
Normal
Resources
Standard
Victory
Conquest
Starting age
Dark Age
Ending age
Imperial Age
RankedLock teamsTeams togetherTeam positionsShared explorationLock speedFull tech treeHidden civsTurbo modeCheats
Victory
Defeat
🇮🇳 Chinese · India
1176
+15
🇳🇴 Lithuanians · Norway
1146
-15
Aemon
7:40 Loom
9:34 Feudal Age
14:10 Horse Collar
21:20 Castle Age
21:04 Bloodlines
20:47 Gold Mining
22:17 Heavy Plow
26:16 Husbandry
29:29 Fletching
30:45 Hill Forts
31:40 Bodkin Arrow
34:26 Murder Holes
38:17 Imperial Age
37:59 Double-Bit Axe
39:20 Conscription
38:22 Elite Skirmisher
40:13 Tower Shields
41:55 Wheelbarrow
41:35 Town Watch
42:34 Ballistics
kidori
0:26 Loom
9:34 Feudal Age
10:49 Double-Bit Axe
10:44 Horse Collar
20:08 Castle Age
21:00 Scale Mail Armor
21:11 Forging
20:48 Town Watch
21:39 Wheelbarrow
20:52 Town Watch
23:57 Chain Mail Armor
29:01 Bow Saw
28:51 Heavy Plow
34:15 Iron Casting
34:19 Fletching
37:09 Imperial Age
38:25 Plate Mail Armor
38:56 Blast Furnace
37:51 Bodkin Arrow
37:57 Padded Archer Armor
37:57 Elite Fire Lancer
39:50 Bracer
39:22 Elite Skirmisher
41:46 Two-Man Saw
40:46 Heavy Plow
42:03 Leather Archer Armor
Connection lost

Rejoining the realm…

Still unreachable

The connection could not be restored.

Session expired

The server has moved on; the page needs a fresh start.